 Dungeon Crawl Stone Soup version 0.15-a0-1154-gddcb950 (webtiles) character file.

171 Malachi the Skirmisher (level 5, -2/46 HPs)
             Began as a Centaur Fighter on May 30, 2014.
             Was an Initiate of Okawaru.
             Killed from afar by Jessica (5 damage)
             ... with a wand of flame
             ... on Level 3 of the Dungeon.
             The game lasted 00:04:14 (1760 turns).

Malachi the Skirmisher (Centaur Fighter)            Turns: 1760, Time: 00:04:14

HP  -2/46        AC 10     Str 20      XL: 5   Next: 26%
MP   4/4         EV  3     Int  7      God: Okawaru [......]
Gold 75          SH 17     Dex  8      Spells:  0 memorised,  4 levels left

rFire  . . .     SeeInvis .     a - +1,+0 trident
rCold  . . .     Clarity  .     l - +2 chain mail
rNeg   . . .     rCorr    .     c - +0 shield
rPois  .         rRot     .     (no helmet)
rElec  .         Spirit   .     (no cloak)
SustAb .         Warding  .     (no gloves)
rMut   .         Stasis   .     (no barding)
Gourm  .                        (no amulet)
MR     .....                    (no ring)
                                (no ring)

@: lethally poisoned, very quick, not resistant to hostile enchantments,
extremely unstealthy
A: hooves 3, deformed body, speed 2, slow metabolism 1, tough skin 3
a: Renounce Religion


You were on level 3 of the Dungeon.
You worshipped Okawaru.
Okawaru was noncommittal.
You were not hungry.

You visited 1 branch of the dungeon, and saw 3 of its levels.

You collected 75 gold pieces.

Inventory:

Hand weapons
 a - a +1,+0 trident (weapon)
Armour
 c - a +0 shield (worn)
 l - a +2 chain mail (worn)
Comestibles
 d - 3 bread rations
 f - 2 chunks of quokka flesh
 g - a rotting chunk of bat flesh
 h - a rotting chunk of giant gecko flesh
 i - a chunk of ball python flesh
 j - a chunk of giant newt flesh
 k - 4 fruits
 n - a chunk of giant cockroach flesh
 p - 2 meat rations
Scrolls
 m - a scroll of noise
 q - 4 scrolls of recharging
 t - 3 scrolls of identify
 x - 3 scrolls of remove curse
Potions
 b - a potion of curing
 e - 3 potions of might


   Skills:
 + Level 3.7 Fighting
 + Level 2.6 Polearms
 + Level 2.8 Armour
 + Level 1.2 Dodging
 + Level 0.1 Stealth
 + Level 2.9 Shields


You had 4 spell levels left.
You didn't know any spells.

Dungeon Overview and Level Annotations

Branches:
Dungeon (3/15)

Altars:
Elyvilon
Okawaru
Yredelemnul

Annotations:
D:3 Jessica


Innate Abilities, Weirdness & Mutations

You have hooves in place of feet.
Armour fits poorly on your strangely shaped body.
You cover ground very quickly.
You have extremely tough skin (AC +3).
You have a slow metabolism.


Message History

The puff of flame hits you!
Your shield and chain mail prevent you from hitting Jessica.
You kick Jessica.
Jessica is moderately wounded.
Jessica mumbles some strange words.
Jessica blinks!
Jessica zaps a wand.
The puff of flame hits you!
* * * LOW HITPOINT WARNING * * *
You are too injured to fight recklessly!
You are too injured to fight recklessly!
Unknown command.
Jessica zaps a wand.
The puff of flame hits you!
* * * LOW HITPOINT WARNING * * *
Jessica hits you with a runed dagger.
* * * LOW HITPOINT WARNING * * *
You are lethally poisoned!
You barely miss Jessica. You kick Jessica.
Jessica is severely wounded.
* * * LOW HITPOINT WARNING * * *
You feel sick.
Jessica zaps a wand.
The puff of flame hits you!
You die...

#######........#
##......### #
#..######
##.######.#####
#.............###
#........%........
#...........?.###
#.............#
#.......@..<..#
#.......@.....#
#########.#### .#
.# ##


You could see Jessica.

Vanquished Creatures
  The ghost of OctopodeCrusher the Insei, an average OpMo (D:3)
  5 adders (D:2)
  3 giant cockroaches
  4 hobgoblins
  4 jackals (D:1)
  A quokka (D:3)
  3 ball pythons
  10 bats
  2 giant geckos (D:2)
  2 giant newts
  5 goblins
  6 kobolds
  5 rats
51 creatures vanquished.

Notes
Turn   | Place    | Note
--------------------------------------------------------------
     0 | D:1      | Malachi, the Centaur Fighter, began the quest for the Orb.
     0 | D:1      | Reached XP level 1. HP: 19/19 MP: 1/1
    88 | D:1      | Reached XP level 2. HP: 23/26 MP: 2/2
   681 | D:2      | Reached XP level 3. HP: 27/31 MP: 3/3
   772 | D:2      | Found a white marble altar of Elyvilon.
  1175 | D:2      | Reached XP level 4. HP: 30/39 MP: 3/3
  1481 | D:2      | Gained mutation: You have a slow metabolism. [potion of beneficial mutation]
  1515 | D:3      | Noticed OctopodeCrusher's ghost (average OpMo)
  1593 | D:3      | Killed OctopodeCrusher's ghost
  1593 | D:3      | Reached skill level 1 in Dodging
  1593 | D:3      | Reached XP level 5. HP: 37/46 MP: 4/4
  1720 | D:3      | Found an iron altar of Okawaru.
  1721 | D:3      | Found a basalt altar of Yredelemnul.
  1743 | D:3      | Became a worshipper of Warmaster Okawaru
  1748 | D:3      | Noticed Jessica
  1760 | D:3      | Killed from afar by Jessica

Action                   |  1- 3 |  4- 6 || total
-------------------------+-------+-------++-------
Melee: Trident           |   136 |    62 ||   198
  Use: Potion            |     3 |     1 ||     4
       Scroll            |       |    10 ||    10
